 Dungeon Crawl Stone Soup version 0.24-a0-516-g9de272b (webtiles) character file.

Game seed: 763323588925961069

222136 Letos the Bludgeoner (level 18, -2/116 HPs)
             Began as a Gargoyle Fighter on July 5, 2019.
             Was the Champion of Okawaru.
             Slain by a harpy (4 damage)
             ... on level 4 of the Shoals on July 21, 2019.
             The game lasted 01:14:51 (32365 turns).

Letos the Bludgeoner (Gargoyle Fighter)            Turns: 32365, Time: 01:14:52

Health: -2/116     AC: 38    Str: 25    XL:     18   Next: 74%
Magic:  21/21      EV: 14    Int: 10    God:    Okawaru [******]
Gold:   1902       SH: 17    Dex: 12    Spells: 13/17 levels left

rFire    + + .     SeeInvis .   X - +7 demon whip (drain)
rCold    . . .     Gourm    .   c - +0 shield
rNeg     + . .     Faith    .   R - +4 fire dragon scales
rPois    ∞         Spirit   .   y - +0 helmet
rElec    +         Reflect  +   S - +0 cloak {+Inv}
rCorr    .         Harm     .   V - +1 pair of gloves {Str+3}
MR       +....                  M - +1 pair of boots {Stlth+}
Stlth    ..........             E - +3 amulet of reflection
HPRegen  0.29/turn              (no ring)
MPRegen  0.17/turn              v - ring of protection from cold

@: flying
A: big wings, icy blue scales 1, low mp 1, negative energy resistance 1,
electricity resistance, weak 1, unbreathing, petrification resistance, rot
immunity, AC +13
}: 2/15 runes: serpentine, barnacled
a: Stop Flying, Heroism, Finesse, Renounce Religion, Evoke Invisibility


You were on level 4 of the Shoals.
You worshipped Okawaru.
Okawaru was exalted by your worship.
You were not hungry.

You visited 6 branches of the dungeon, and saw 32 of its levels.
You also visited: Gauntlet.

You collected 2954 gold pieces.
You spent 1052 gold pieces at shops.

Inventory:

Hand Weapons
 T - a +2 eveningstar of draining
 X - a +7 demon whip of draining (weapon)
Missiles
 q - 10 boomerangs of dispersal (quivered)
Armour
 c - a +0 shield (worn)
 h - the +4 skin of Zhor {Hibernate rC+++ SInv}
   (Okawaru gifted it to you on level 2 of the Snake Pit)

   It renders you almost immune to cold.
   It lets you see invisible.
 y - a +0 helmet (worn)
 M - a +1 pair of boots of stealth (worn)
 R - +4 fire dragon scales (worn)
 S - a +0 cloak of invisibility (worn)
 V - a +1 pair of gloves of strength (worn)
Jewellery
 a - an uncursed ring of resist corrosion
 m - an uncursed amulet of regeneration
 r - an uncursed ring of see invisible
 v - a ring of protection from cold (right hand)
 B - an uncursed amulet of harm
 E - a +3 amulet of reflection (around neck)
 N - an uncursed amulet of faith
Wands
 d - a wand of digging (1)
 l - a wand of iceblast (5)
 t - a wand of acid (22)
 F - a wand of disintegration (65)
 G - a wand of clouds (7)
Scrolls
 g - 7 scrolls of fog
 i - 9 scrolls of remove curse
 k - 10 scrolls of teleportation
 n - 3 scrolls of identify
 o - 2 scrolls of magic mapping
 w - 4 scrolls of blinking
 A - 2 scrolls of fear
 K - 6 scrolls of amnesia
Potions
 e - 3 potions of resistance
 j - a potion of agility
 p - 5 potions of heal wounds
 s - 11 potions of curing
 u - 2 potions of might
 x - 10 potions of lignification
 z - a potion of cancellation
 C - a potion of magic
 D - a potion of invisibility
 H - 2 potions of brilliance
 I - 2 potions of haste
 J - 2 potions of mutation
 U - a potion of berserk rage
Miscellaneous
 b - 2 phantom mirrors
 L - a box of beasts
Comestibles
 f - 25 rations


   Skills:
 + Level 14.1 Fighting
 * Level 16.1 Maces & Flails
 + Level 9.8 Armour
 - Level 8.4 Dodging
 - Level 15.0 Shields
 - Level 10.0 Charms
 - Level 10.0 Translocations
 - Level 7.5 Invocations
 - Level 8.3 Evocations


You had 13 spell levels left.
You knew the following spells:

 Your Spells              Type           Power        Failure   Level  Hunger
a - Blink                 Tloc           N/A          2%          2    ###....
b - Shroud of Golubria    Chrm/Tloc      ###...       2%          2    ###....

Your spell library contained the following spells:

 Spells                   Type           Power        Failure   Level  Hunger
 Apportation              Tloc           ###...       1%          1    ##.....
 Gell's Gravitas          Tloc           ###.......   4%          3    ####...
 Lesser Beckoning         Tloc           ###.......   4%          3    ####...
 Teleport Other           Tloc           ###.....     4%          3    ####...
 Passage of Golubria      Tloc           N/A          14%         4    #####..
 Swiftness                Chrm/Air       ##......     17%         2    ###....
 Confusing Touch          Hex            #.....       65%         1    ##.....
 Corona                   Hex            #......      65%         1    ##.....
 Flame Tongue             Conj/Fire      #....        65%         1    ##.....
 Magic Dart               Conj           #...         65%         1    ##.....
 Shock                    Conj/Air       #...         65%         1    ##.....
 Summon Butterflies       Summ           #.......     65%         1    ##.....
 Summon Small Mammal      Summ           #...         65%         1    ##.....
 Force Lance              Conj/Tloc      ##......     75%         4    #####..
 Call Imp                 Summ           #.......     80%         2    ###....
 Ensorcelled Hibernation  Hex/Ice        #.....       80%         2    ###....
 Searing Ray              Conj           #.....       80%         2    ###....
 Throw Flame              Conj/Fire      #.....       80%         2    ###....
 Call Canine Familiar     Summ           #.......     95%         3    ####...
 Confuse                  Hex            #.......     95%         3    ####...
 Conjure Flame            Conj/Fire      #.......     95%         3    ####...
 Dazzling Spray           Conj/Hex       #.....       95%         3    ####...
 Inner Flame              Hex/Fire       #.......     95%         3    ####...
 Static Discharge         Conj/Air       #.......     95%         3    ####...
 Summon Guardian Golem    Hex/Summ       #.......     95%         3    ####...
 Tukima's Dance           Hex            #.......     95%         3    ####...
 Airstrike                Air            #.........   100%        4    #####..
 Cause Fear               Hex            #.........   100%        4    #####..
 Fulminant Prism          Conj/Hex       #.........   100%        4    #####..
 Iskenderun's Mystic Bla  Conj           #.......     100%        4    #####..
 Leda's Liquefaction      Hex/Erth       #.........   100%        4    #####..
 Petrify                  Tmut/Erth      #.......     100%        4    #####..
 Sticky Flame             Conj/Fire      #.......     100%        4    #####..
 Summon Ice Beast         Ice/Summ       #.......     100%        4    #####..
 Summon Lightning Spire   Summ/Air       #.......     100%        4    #####..
 Alistair's Intoxication  Tmut/Pois      #.......     100%        5    ######.
 Bolt of Magma            Conj/Fire/Erth #.........   100%        5    ######.
 Fireball                 Conj/Fire      #.........   100%        5    ######.
 Lightning Bolt           Conj/Air       #.........   100%        5    ######.
 Metabolic Englaciation   Hex/Ice        #.........   100%        5    ######.
 Yara's Violent Unravell  Hex/Tmut       #.........   100%        5    ######.
 Bolt of Fire             Conj/Fire      #.........   100%        6    #######
 Invisibility             Hex            #.......     100%        6    #######
 Iron Shot                Conj/Erth      #.........   100%        6    #######
 Dragon Form              Tmut           #.........   100%        7    #######
 Dragon's Call            Summ           #.........   100%        9    #######
 Shatter                  Erth           #.........   100%        9    #######
 Statue Form              Tmut/Erth      Unusable     N/A         6    N/A

Dungeon Overview and Level Annotations

Branches:
Dungeon (15/15)            Temple (1/1) D:6            Lair (6/6) D:8
 Shoals (4/4) Lair:2        Snake (4/4) Lair:2        Slime (0/5) Lair:5
    Orc (2/2) D:11            Elf (0/3) Orc:2        Vaults (0/5) D:14
 Depths (0/5) D:15

Altars:
Ashenzari
Cheibriados
Dithmenos
Elyvilon
Fedhas
Gozag
Hepliaklqana
Kikubaaqudgha
Makhleb
Nemelex Xobeh
Okawaru
Qazlal
Ru
Trog
Uskayaw
Vehumet
Xom
Yredelemnul
The Shining One

Shops:
D:8 ?   D:14 *   Orc:1 (   Orc:2 %(=}   Snake:1 ==}

Annotations:
D:7 exclusion: 2 doors


Innate Abilities, Weirdness & Mutations

You are resistant to torment.
Your stone body is resilient. (AC +13)
You are immune to poison.
Your large and strong wings let you fly indefinitely.
You resist negative energy. (rN+)
You are resistant to electric shocks. (rElec)
You can survive without breathing.
You are immune to petrification.
You are immune to rotting.
You are partially covered in icy blue scales. (AC +2)
Your magical capacity is low. (-10% MP)
You are weak. (Str -2)


Message History

Unknown command.
Unknown command.
Unknown command.
You hit the harpy but do no damage. The harpy misses you.
You block the harpy's attack. x2; The harpy misses you.
The harpy closely misses you. The harpy claws you.
* * * LOW HITPOINT WARNING * * *
The harpy screeches! x2
The harpy barely misses you. The harpy closely misses you.
The harpy completely misses you. The harpy claws you but does no damage.
You block the harpy's attack. The harpy misses you.
The harpy claws you but does no damage. You block the harpy's attack.
The harpy claws you but does no damage. You block the harpy's attack.
The harpy claws you but does no damage. The harpy barely misses you.
You block the harpy's attack. The harpy claws you but does no damage.
The harpy screeches! x5
The harpy completely misses you. The harpy claws you but does no damage.
You block the harpy's attack. x2; The harpy claws you but does no damage.
The harpy claws you.
You die...

#...≈≈≈≈≈≈≈≈≈≈≈≈≈≈≈
..##....≈≈≈≈≈≈≈≈≈≈≈≈≈≈
.....≈..≈≈≈≈≈≈≈≈≈≈≈≈≈≈
.....≈......≈≈≈≈≈≈≈≈≈≈≈
......≈..≈≈.≈≈≈≈≈≈≈≈≈≈≈
.........≈≈≈..≈H≈≈≈≈≈≈≈
..........≈...≈≈≈≈≈≈≈≈≈
....≈≈....≈E..≈H≈≈≈≈≈≈≈
#..≈..#...≈≈≈H@≈≈≈≈≈≈≈
.≈≈≈.##...≈≈≈HHH≈≈≈≈≈≈
..≈≈. ##...≈≈≈≈≈≈≈≈≈≈≈
... ......≈≈≈≈≈≈≈≈≈≈ ..
...≈≈.≈≈≈≈≈≈≈≈≈≈
...≈≈≈≈≈≈≈≈≈≈≈≈≈
..≈≈≈≈≈≈≈≈≈≈≈≈≈
...≈≈..≈≈≈≈≈≈≈≈


You could see a water elemental and 6 harpies.

Vanquished Creatures
  Gastronok (Lair:2)
  17 nagarajas
  A fire giant (D:15)
  Aizul (Snake:3)
  A cacodemon (Gauntlet)
  A minotaur (Gauntlet)
  A merfolk javelineer (Shoals:4)
  An ettin (D:11)
  A fire dragon (Lair:6)
  The ghost of BRAPZZ the Cleaver, a journeyman MiCK of Xom (Orc:1)
  4 merfolk impalers
  3 vault guards (D:14)
  5 hydras
  16 naga warriors
  An alligator snapping turtle (Lair:2)
  4 centaur warriors
  A merfolk avatar (Shoals:3)
  A hell beast (Gauntlet)
  6 anacondas
  4 two-headed ogres
  A dancing weapon (Orc:1)
  5 merfolk aquamancers
  2 catoblepae
  A satyr (Shoals:2)
  18 death yaks
  9 naga sharpshooters
  11 shock serpents
  3 orc high priests (Orc:2)
  3 salamander mystics
  14 sea snakes
  4 unseen horrors
  2 wizards (D:14)
  2 lindwurms (Lair:6)
  4 naga ritualists
  17 harpies
  4 necromancers (D:14)
  5 orc knights
  5 orc sorcerers
  8 mana vipers
  Pikel (D:5)
  A deep elf mage (D:11)
  An ugly thing (D:11)
  13 salamanders
  28 black mambas
  7 fauns
  12 guardian serpents
  4 centaur zombies
  2 molten gargoyles (Lair:6)
  A guardian serpent (shapeshifter) (D:14)
  A water nymph (Shoals:2)
  5 merfolk sirens
  29 naga magi
  8 spiny frogs
  2 centaur skeletons
  An ice statue (Snake:1)
  2 gargoyles
  2 kobold demonologists (D:11)
  A rime drake (Lair:6)
  A freezing wraith (D:13)
  9 komodo dragons
  4 trolls
  13 merfolk
  4 polar bears
  A hornet (D:12)
  3 meliai (D:14)
  11 blink frogs
  10 snapping turtles
  7 hippogriffs
  2 wind drakes
  8 slime creatures
  7 dream sheep (Lair:4)
  A spriggan (D:13)
  2 wraiths
  5 wyverns
  12 water elementals
  16 humans (D:14)
  17 yaks
  2 vampires
  A steam dragon (Lair:6)
  A hungry ghost (D:7)
  6 basilisks
  A neqoxec (Gauntlet)
  2 vampire mosquitoes (D:13)
  2 wargs (Orc:2)
  Menkaure (D:5)
  56 nagas
  An acid dragon (D:11)
  9 water moccasins
  7 porcupines
  3 sky beasts
  3 hell hounds (Lair:6)
  3 black bears
  21 orc warriors
  3 ice beasts
  A meliai simulacrum (D:14)
  A necrophage (D:9)
  2 phantoms
  8 ogres
  5 wolves (Lair:5)
  13 centaurs
  10 crocodiles
  2 big kobolds
  20 bullfrogs
  A gnoll sergeant (D:7)
  A wyvern skeleton (D:7)
  A hornet simulacrum (D:14)
  8 scorpions
  5 killer bees (D:6)
  2 vampire bats (D:13)
  8 wights
  5 howler monkeys
  8 electric eels
  9 crimson imps
  5 lava snakes (Lair:6)
  2 bullfrog zombies
  5 jellies
  18 orc wizards
  2 quasits
  17 orc priests
  6 hounds
  2 bullfrog skeletons
  3 iguanas
  9 worker ants
  A hound zombie (D:7)
  A hound skeleton (D:9)
  3 worker ant zombies
  13 adders
  9 gnolls
  A shadow imp (D:5)
  2 adder zombies
  A dart slug (D:1)
  3 leopard geckos
  59 orcs
  9 bats
  4 giant cockroaches
  10 goblins
  6 hobgoblins
  4 jackals (D:2)
  9 kobolds
  4 quokkas
  2 ball pythons (D:3)
  A frilled lizard (D:2)
  A leopard gecko skeleton (D:5)
  A leopard gecko zombie (D:8)
  A quokka skeleton (D:8)
  5 rats
  A fungus (D:8)
895 creatures vanquished.

Vanquished Creatures (others)
  2 naga sharpshooters
  A naga mage (Snake:3)
  2 nagas
  An orc wizard (Orc:2)
  3 demonic plants (Gauntlet)
  15 fungi
  24 plants
48 creatures vanquished.

Grand Total: 943 creatures vanquished

Notes
Turn   | Place    | Note
-------+----------+-------------------------------------------
     0 | D:1      | Letos the Gargoyle Fighter began the quest for the Orb.
     0 | D:1      | Reached XP level 1. HP: 14/14 MP: 1/1
   202 | D:1      | Reached XP level 2. HP: 19/19 MP: 2/2
   277 | D:1      | Reached skill level 3 in Maces & Flails
   459 | D:1      | Reached XP level 3. HP: 19/23 MP: 3/3
  1272 | D:2      | Reached skill level 4 in Maces & Flails
  1363 | D:2      | Found a shadowy altar of Dithmenos.
  1366 | D:2      | Found a basalt altar of Yredelemnul.
  1368 | D:2      | Found a radiant altar of Vehumet.
  1765 | D:3      | Reached XP level 4. HP: 28/28 MP: 4/4
  2673 | D:3      | Reached skill level 5 in Maces & Flails
  2697 | D:3      | Reached XP level 5. HP: 31/32 MP: 5/5
  2704 | D:3      | Found a bloodstained altar of Trog.
  2943 | D:3      | Gained mutation: Your magical capacity is low. (-10% MP)
                  | [potion of mutation]
  2943 | D:3      | Gained mutation: You are partially covered in icy blue
                  | scales. (AC +2) [potion of mutation]
  3076 | D:4      | Reached skill level 6 in Maces & Flails
  3076 | D:4      | Reached XP level 6. HP: 37/37 MP: 5/5
  3368 | D:5      | Entered Level 5 of the Dungeon
  3429 | D:5      | Reached skill level 7 in Maces & Flails
  3544 | D:5      | Reached XP level 7. HP: 41/41 MP: 6/6
  3586 | D:5      | Noticed Pikel
  3601 | D:5      | Killed Pikel
  3601 | D:5      | Reached skill level 8 in Maces & Flails
  3601 | D:5      | Reached XP level 8. HP: 40/48 MP: 7/7
  3896 | D:5      | Noticed Menkaure
  4097 | D:5      | Killed Menkaure
  4395 | D:5      | Reached skill level 9 in Maces & Flails
  4421 | D:5      | Reached skill level 5 in Fighting
  4421 | D:5      | Reached skill level 5 in Armour
  4979 | D:6      | Reached XP level 9. HP: 43/54 MP: 8/8
  5221 | D:6      | Reached skill level 10 in Maces & Flails
  5504 | D:6      | Found an iron altar of Okawaru.
  5512 | D:6      | Became a worshipper of Warmaster Okawaru
  5555 | D:6      | Found a staircase to the Ecumenical Temple.
  5689 | Temple   | Entered the Ecumenical Temple
  6153 | D:7      | Reached * piety under Okawaru
  6315 | D:7      | Reached skill level 11 in Maces & Flails
  6329 | D:7      | Noticed an unseen horror
  6343 | D:7      | Killed an unseen horror
  6343 | D:7      | Reached ** piety under Okawaru
  6343 | D:7      | Reached XP level 10. HP: 61/63 MP: 9/9
  6674 | D:8      | Found Ibuciuwk's Magic Scroll Emporium.
  6679 | D:8      | Found a hide-covered altar of Uskayaw.
  6680 | D:8      | Noticed a +0 dagger
  6680 | D:8      | Noticed a +0 dagger
  6697 | D:8      | Found a staircase to the Lair.
  6722 | D:8      | Reached skill level 5 in Shields
  6768 | D:8      | Reached skill level 12 in Maces & Flails
  7284 | D:8      | Reached skill level 1 in Evocations
  7412 | Lair:1   | Entered Level 1 of the Lair of Beasts
  7429 | Lair:1   | Noticed a black mamba
  7445 | Lair:1   | Killed a black mamba
  7445 | Lair:1   | Reached skill level 1 in Dodging
  7743 | Lair:1   | Noticed a spiny frog
  7755 | Lair:1   | Killed a spiny frog
  7831 | Lair:1   | Reached *** piety under Okawaru
  7860 | Lair:1   | Reached XP level 11. HP: 65/68 MP: 11/11
  8419 | Lair:2   | Noticed a death yak
  8419 | Lair:2   | Noticed a death yak
  8419 | Lair:2   | Noticed a death yak
  8419 | Lair:2   | Noticed a death yak
  8438 | Lair:2   | Killed a death yak
  8438 | Lair:2   | Reached **** piety under Okawaru
  8440 | Lair:2   | Noticed a death yak
  8446 | Lair:2   | Noticed a death yak
  8451 | Lair:2   | Killed a death yak
  8470 | Lair:2   | Killed a death yak
  8475 | Lair:2   | Killed a death yak
  8486 | Lair:2   | Killed a death yak
  8496 | Lair:2   | Killed a death yak
  8496 | Lair:2   | Reached ***** piety under Okawaru
  8723 | Lair:2   | Noticed Gastronok
  8758 | Lair:2   | Killed Gastronok
  8758 | Lair:2   | Received a gift from Okawaru
  8758 | Lair:2   | Reached skill level 5 in Evocations
  8758 | Lair:2   | Reached XP level 12. HP: 55/76 MP: 14/14
  8938 | Lair:2   | Found a staircase to the Snake Pit.
  9097 | Lair:2   | Found a staircase to the Shoals.
  9283 | Lair:2   | Reached skill level 5 in Dodging
 10038 | Lair:3   | Noticed a four-headed hydra
 10055 | Lair:3   | Killed a four-headed hydra
 10139 | Lair:3   | Reached skill level 10 in Fighting
 10158 | Lair:3   | You fall into a shaft and drop 2 floors!
 10187 | Lair:5   | Found a staircase to the Slime Pits.
 10306 | Lair:4   | Noticed a death yak
 10306 | Lair:4   | Noticed a death yak
 10306 | Lair:4   | Noticed a death yak
 10306 | Lair:4   | Noticed a death yak
 10344 | Lair:4   | Killed a death yak
 10352 | Lair:4   | Killed a death yak
 10580 | Lair:4   | Noticed a death yak
 10580 | Lair:4   | Noticed a death yak
 10605 | Lair:4   | Killed a death yak
 10605 | Lair:4   | Received a gift from Okawaru
 10622 | Lair:4   | Killed a death yak
 10642 | Lair:4   | Killed a death yak
 10659 | Lair:4   | Killed a death yak
 11191 | Lair:4   | Reached XP level 13. HP: 81/83 MP: 13/16
 11649 | Lair:4   | Reached skill level 10 in Shields
 12626 | Lair:5   | Reached skill level 1 in Invocations
 13104 | Lair:6   | Entered Level 6 of the Lair of Beasts
 13120 | Lair:5   | Received a gift from Okawaru
 13385 | Lair:5   | Received a gift from Okawaru
 13450 | Lair:6   | Learned a level 2 spell: Blink
 13453 | Lair:6   | Learned a level 2 spell: Shroud of Golubria
 13665 | Lair:6   | Reached skill level 5 in Invocations
 14154 | Lair:6   | Found a large runed translucent door.
 14154 | Lair:6   | Found a large runed translucent door.
 14155 | Lair:6   | Noticed a fire dragon
 14164 | Lair:6   | Reached ****** piety under Okawaru
 14258 | Lair:6   | Gained mutation: Your large and strong wings let you fly
                  | indefinitely. [Gargoyle growth]
 14258 | Lair:6   | Reached XP level 14. HP: 90/90 MP: 12/18
 14684 | Lair:6   | Received a gift from Okawaru
 15344 | D:9      | Got an iridescent flail
 15345 | D:9      | Identified the +4 flail "Kiguudev" {protect, +Blink Int+4}
                  | (You found it on level 9 of the Dungeon)
 15538 | D:9      | Found a stormy altar of Qazlal.
 16174 | D:10     | Entered Level 10 of the Dungeon
 16189 | D:10     | Reached skill level 1 in Charms
 16189 | D:10     | Reached skill level 1 in Translocations
 16629 | D:10     | Got a crystal flail
 16630 | D:10     | Identified the +4 flail "Xyavuzaeh" {drain, rF+} (You found
                  | it on level 10 of the Dungeon)
 17094 | D:11     | Received a gift from Okawaru
 17134 | D:11     | Found a staircase to the Orcish Mines.
 17549 | D:11     | You fall into a shaft and drop 3 floors!
 17591 | D:14     | Found a gate leading to a gauntlet.
 17601 | Gauntlet | Entered a Gauntlet
 17601 | Gauntlet | Found a large runed translucent door.
 17601 | Gauntlet | Found a large runed translucent door.
 17601 | Gauntlet | Found a large runed translucent door.
 17601 | Gauntlet | Found a large runed translucent door.
 17601 | Gauntlet | Found a runed translucent door.
 17601 | Gauntlet | Found a large runed translucent door.
 17601 | Gauntlet | Found a large runed translucent door.
 17601 | Gauntlet | Found a transporter.
 17601 | Gauntlet | Found a transporter.
 17601 | Gauntlet | Found a large runed translucent door.
 17601 | Gauntlet | Found a large runed translucent door.
 17601 | Gauntlet | Found a runed translucent gate.
 17601 | Gauntlet | Found a runed translucent gate.
 17601 | Gauntlet | Found a transporter.
 17603 | Gauntlet | Found a transporter.
 17622 | Gauntlet | Found a transporter.
 17629 | Gauntlet | Found a transporter.
 17633 | Gauntlet | Found a transporter.
 17634 | Gauntlet | Found a transporter.
 17640 | Gauntlet | Found a transporter.
 17641 | Gauntlet | Found a transporter.
 17658 | Gauntlet | Found a transporter.
 17660 | Gauntlet | Noticed a cacodemon
 17662 | Gauntlet | Found a transporter.
 17691 | Gauntlet | Found a runed translucent gate.
 17692 | Gauntlet | Found a large runed translucent door.
 17692 | Gauntlet | Found a large runed translucent door.
 17693 | Gauntlet | Found a large runed translucent door.
 17694 | Gauntlet | Found a large runed translucent door.
 17695 | Gauntlet | Found a large runed translucent door.
 17695 | Gauntlet | Found a large runed translucent door.
 17695 | Gauntlet | Found a runed translucent door.
 17696 | Gauntlet | Found a large runed translucent door.
 17697 | Gauntlet | Found a large runed translucent door.
 17914 | Gauntlet | Killed a cacodemon
 17914 | Gauntlet | Gained mutation: You are weak. (Str -2) [a neqoxec]
 17984 | Gauntlet | Received a gift from Okawaru
 18260 | D:14     | Identified a scroll of acquirement
 18520 | D:14     | Received a gift from Okawaru
 18776 | D:14     | Received a gift from Okawaru
 18777 | D:14     | Got a twisted plate armour {god gift}
 18983 | D:14     | Identified the +8 plate armour of Valour {rPois} (Okawaru
                  | gifted it to you on level 14 of the Dungeon)
 19017 | D:14     | Reached skill level 13 in Maces & Flails
 19045 | D:14     | Reached XP level 15. HP: 95/95 MP: 19/19
 19200 | D:14     | Found Fokesul's Assorted Antiques.
 19203 | D:14     | Bought a scroll of enchant weapon for 172 gold pieces
 19203 | D:14     | Bought a pair of runed gloves for 172 gold pieces
 19597 | D:14     | Found a gate to the Vaults.
 20257 | D:13     | Found a blossoming altar of Fedhas.
 20894 | D:12     | Reached skill level 14 in Maces & Flails
 20956 | D:12     | Received a gift from Okawaru
 20992 | D:12     | You fall into a shaft and drop 3 floors!
 20992 | D:15     | Entered Level 15 of the Dungeon
 20992 | D:15     | Found a staircase to the Depths.
 20993 | D:15     | Noticed a fire giant
 21005 | D:15     | Killed a fire giant
 21361 | Orc:1    | Entered Level 1 of the Orcish Mines
 21507 | D:11     | Found a sparkling altar of Nemelex Xobeh.
 22080 | Orc:1    | Found a runed translucent door.
 22081 | Orc:1    | Found a shimmering altar of Xom.
 22081 | Orc:1    | Noticed BRAPZZ's ghost (journeyman MiCK)
 22249 | Orc:1    | Killed BRAPZZ's ghost
 22282 | Orc:2    | Entered Level 2 of the Orcish Mines
 22321 | Orc:1    | Found Ecijeroz's Antique Weapon Emporium.
 22345 | Orc:1    | Bought a runed demon whip for 540 gold pieces
 22891 | Orc:2    | Received a gift from Okawaru
 22934 | Orc:2    | Paralysed by an orc sorcerer for 3 turns
 22970 | Orc:2    | Found a staircase to the Elven Halls.
 23528 | Orc:2    | Reached skill level 15 in Maces & Flails
 23549 | Orc:2    | Found Heib's Gadget Boutique.
 23549 | Orc:2    | Found Pail's Jewellery Shoppe.
 23551 | Orc:2    | Found Poamamio's Antique Weapon Boutique.
 23551 | Orc:2    | Found Gowkuc's Food Shoppe.
 23557 | Orc:2    | Bought a wand of digging (2) for 168 gold pieces
 24008 | Snake:1  | Entered Level 1 of the Snake Pit
 24361 | Snake:1  | Reached XP level 16. HP: 85/100 MP: 19/19
 24623 | Snake:1  | Found Hosoz's Gadget Emporium.
 24623 | Snake:1  | Found Qieb's Jewellery Shop.
 24624 | Snake:1  | Found Ampueciv's Jewellery Shop.
 24743 | Snake:2  | Noticed a nagaraja
 24743 | Snake:2  | Noticed a nagaraja
 24778 | Snake:2  | Killed a nagaraja
 24782 | Snake:2  | Killed a nagaraja
 24782 | Snake:2  | Reached skill level 5 in Charms
 24782 | Snake:2  | Reached skill level 5 in Translocations
 25086 | Snake:2  | Received a gift from Okawaru
 25087 | Snake:2  | Found the +4 skin of Zhor {Hibernate rC+++ SInv}
 25402 | Snake:2  | Noticed a nagaraja
 25428 | Snake:2  | Killed a nagaraja
 25737 | Snake:2  | Noticed a nagaraja
 25760 | Snake:2  | Killed a nagaraja
 26423 | Snake:3  | Noticed a nagaraja
 26423 | Snake:3  | Noticed Aizul
 26427 | Snake:3  | Noticed a nagaraja
 26449 | Snake:3  | Killed Aizul
 26452 | Snake:3  | Noticed a nagaraja
 26456 | Snake:3  | Killed a nagaraja
 26469 | Snake:3  | Killed a nagaraja
 26787 | Snake:3  | Killed a nagaraja
 26925 | Snake:3  | Reached XP level 17. HP: 102/108 MP: 20/20
 26953 | Snake:3  | Received a gift from Okawaru
 27736 | Snake:4  | Entered Level 4 of the Snake Pit
 28269 | Snake:4  | Reached skill level 15 in Shields
 29002 | Snake:4  | Received a gift from Okawaru
 29380 | Snake:4  | Reached XP level 18. HP: 71/114 MP: 21/21
 29384 | Snake:4  | Got a serpentine rune of Zot
 29850 | Snake:4  | Reached skill level 10 in Charms
 29858 | Snake:4  | Received a gift from Okawaru
 29893 | Snake:4  | Reached skill level 10 in Translocations
 30748 | Shoals:1 | Entered Level 1 of the Shoals
 31613 | Shoals:2 | Upgraded the game from 0.24-a0-475-g5b41c6f to
                  | 0.24-a0-501-gc560d0b
 32032 | Shoals:2 | Upgraded the game from 0.24-a0-501-gc560d0b to
                  | 0.24-a0-516-g9de272b
 32157 | Shoals:4 | Entered Level 4 of the Shoals
 32204 | Shoals:4 | Received a gift from Okawaru
 32248 | Shoals:4 | Reached skill level 16 in Maces & Flails
 32254 | Shoals:4 | Got a barnacled rune of Zot
 32362 | Shoals:4 | HP: 5/116 [harpy (3)]
 32363 | Shoals:4 | HP: 1/116 [harpy (4)]
 32365 | Shoals:4 | Slain by a harpy

Levels and vault maps discovered:
D:1:      lemuel_arrival_hallway, layout_rooms
D:2:      layout_loops_corners, minitemple
D:3:      layout_loops_corners, old_standard_altar, first_ration,
          chequers_serial_rivers_marsh
D:4:      layout_rooms
D:5:      layout_loops_corners, hex_large, uniq_menkaure, uniq_pikel
D:6:      layout_rooms, temple_hall, kennysheep_okawaru_gauntlet
D:7:      cheibrodos_two_vegetables, layout_rooms
D:8:      layout_gridville, dancing_weapons_uskayaw,
          due_lair_maze_entry_diamond, serial_shops, shop
D:9:      layout_basic, lemuel_doored_altar
D:10:     layout_roguey
D:11:     layout_roguey, orc_0_dummy, basic_altar
D:12:     layout_rooms
D:13:     layout_loops_cross, grunt_pizzeria, roderic_batcave,
          fedhas_bush_and_centaur_altar
D:14:     layout_basic, grunt_vaults_entry_tiered, serial_shops, shop,
          hangedman_abyss_or_decor_stagger, gauntlet_entry_generic
D:15:     grunt_enter_depths_giant_problem, layout_small_grid,
          minmay_misc_feat_encased, uniq_nessos
Temple:   nicolae_temple_x_marks_the_god
Lair:1:   layout_chaotic_city
Lair:2:   layout_cave_pods, minmay_shoals_entry_hut,
          guppyfry_snake_entry_garden, uniq_gastronok
Lair:3:   layout_regular_city
Lair:4:   layout_layer_cave
Lair:5:   layout_loops_ring, slime_dummy, nicolae_quartered_pool_super
Lair:6:   cheibrodos_lair_end_hotspot, layout_cave_shapes
Shoals:1: layout_shoals
Shoals:2: layout_shoals
Shoals:3: layout_shoals, nicolae_shoals_kraken_party, uniq_polyphemus
Shoals:4: shoals_end_simple, layout_shoals, shoals_ilsuiw_alternative
Snake:1:  layout_misc_corridors, dpeg_stationary_puzzle, minmay_shop_grove
Snake:2:  layout_misc_corridors
Snake:3:  nicolae_aizul_guard, layout_layer_cave, guppyfry_library_mini
Snake:4:  grunt_snake_rune_pools, layout_chambers, grunt_ministairs_10,
          serial_bayou_pond_e
Orc:1:    layout_caves, serial_shops, nicolae_shop_waterfront, ebering_ghost_xom
Orc:2:    grunt_orc_tribal_feast, layout_diamond_mine

Skill      XL: |  1  2  3  4  5  6  7  8  9 10 11 12 13 14 15 16 17 18 |
---------------+-------------------------------------------------------+-----
Maces & Flails | 3 4 5 6 7 8 9 11 12 13 15 16 | 16.1
Fighting       | 4 5 7 9 10 11 12 13 14 | 14.1
Armour         | 4 5 7 8 9 |  9.8
Shields        | 4 6 8 9 11 12 14 15 | 15.0
Evocations     | 2 5 7 8 |  8.3
Dodging        | 2 4 6 7 8 |  8.4
Invocations    | 6 7 |  7.5
Charms         | 3 4 7 9 10 | 10.0
Translocations | 3 4 7 9 10 | 10.0

Action                   |  1- 3 |  4- 6 |  7- 9 | 10-12 | 13-15 | 16-18 || total
-------------------------+-------+-------+-------+-------+-------+-------++-------
Melee: Flail             |   143 |   168 |    54 |       |       |       ||   365
       Whip              |       |       |   370 |   614 |   983 |       ||  1967
       Morningstar       |       |       |       |    14 |    59 |       ||    73
       Eveningstar       |       |       |       |       |   619 |       ||   619
       Demon whip        |       |       |       |       |   324 |  1704 ||  2028
Throw: Boomerang         |       |     3 |     2 |       |       |       ||     5
 Cast: Blink             |       |       |       |       |       |     1 ||     1
       Shroud of Golubri |       |       |       |       |       |     1 ||     1
Invok: Heroism           |       |       |     1 |    17 |    25 |    14 ||    57
       Finesse           |       |       |       |       |     7 |     5 ||    12
 Abil: Fly               |       |       |       |       |     4 |     2 ||     6
       Stop Flying       |       |       |       |       |     4 |     1 ||     5
       Evoke Invisibilit |       |       |       |       |     1 |       ||     1
Evoke: Wand              |       |       |       |       |       |     1 ||     1
  Use: Potion            |       |     2 |     1 |     4 |     2 |     2 ||    11
       Scroll            |       |       |    16 |     4 |    16 |    10 ||    46
 Stab: Petrified         |       |       |       |       |     3 |       ||     3
       Invisible         |       |       |       |       |     2 |       ||     2
  Eat: Chunk             |     2 |     7 |     9 |    10 |    18 |    10 ||    56
       Ration            |       |       |     2 |     2 |     7 |     5 ||    16
Armor: Scale mail        |    87 |    69 |       |       |       |       ||   156
       Chain mail        |       |    25 |    44 |       |       |       ||    69
       Plate armour      |       |       |   180 |   225 |   219 |       ||   624
       Fire dragon scale |       |       |       |       |   422 |   597 ||  1019
Dodge: Dodged            |    87 |    85 |    91 |   120 |   556 |   611 ||  1550
Block: Buckler           |       |       |     2 |    88 |    91 |       ||   181
       Shield            |       |       |       |       |   688 |  1305 ||  1993
       Reflection        |       |       |       |       |     1 |   147 ||   148

Table legend:
 A = Non-vault XP
 B = Vault XP
 C = Vault XP percentage of total XP
 D = Non-vault monster count
 E = Vault monster count
 F = Vault count percentage of total count
                 A         B        C        D         E       F
            +---------+---------+-------+---------+---------+-------
      Total |  198413 |   99429 |  33.4 |     704 |     195 |  21.7
            +---------+---------+-------+---------+---------+-------
        D:1 |      38 |       0 |   0.0 |      20 |       0 |   0.0
        D:2 |      33 |       0 |   0.0 |      13 |       0 |   0.0
        D:3 |     134 |       0 |   0.0 |      20 |       0 |   0.0
        D:4 |     331 |       0 |   0.0 |      15 |       0 |   0.0
        D:5 |     702 |     765 |  52.1 |      27 |       2 |   6.9
        D:6 |    1525 |       2 |   0.1 |      32 |       1 |   3.0
        D:7 |     841 |     936 |  52.7 |      18 |       2 |  10.0
        D:8 |    1167 |     869 |  42.7 |      14 |       8 |  36.4
        D:9 |     793 |       0 |   0.0 |      12 |       0 |   0.0
       D:10 |    5643 |       0 |   0.0 |      37 |       0 |   0.0
       D:11 |    6782 |       0 |   0.0 |      36 |       0 |   0.0
       D:12 |    4378 |       0 |   0.0 |      29 |       0 |   0.0
       D:13 |    6540 |     446 |   6.4 |      17 |      10 |  37.0
       D:14 |    9467 |    9937 |  51.2 |      41 |      25 |  37.9
       D:15 |    1190 |    1696 |  58.8 |       3 |       1 |  25.0
     Lair:1 |    3587 |       0 |   0.0 |      17 |       0 |   0.0
     Lair:2 |   10138 |    2714 |  21.1 |      22 |       3 |  12.0
     Lair:3 |    2046 |       0 |   0.0 |       7 |       0 |   0.0
     Lair:4 |   12540 |       0 |   0.0 |      31 |       0 |   0.0
     Lair:5 |    7203 |       0 |   0.0 |      24 |       0 |   0.0
     Lair:6 |    8213 |    6523 |  44.3 |      16 |      24 |  60.0
   Shoals:1 |   14872 |       0 |   0.0 |      34 |       0 |   0.0
   Shoals:2 |    8645 |       0 |   0.0 |      18 |       0 |   0.0
   Shoals:3 |    3762 |       0 |   0.0 |       7 |       0 |   0.0
   Shoals:4 |    5995 |    7146 |  54.4 |      12 |       9 |  42.9
    Snake:1 |   12233 |     399 |   3.2 |      22 |       1 |   4.3
    Snake:2 |   30812 |       0 |   0.0 |      49 |       0 |   0.0
    Snake:3 |   12386 |   14526 |  54.0 |      26 |      17 |  39.5
    Snake:4 |   22374 |   39822 |  64.0 |      47 |      57 |  54.8
      Orc:1 |    2013 |    2584 |  56.2 |      16 |       3 |  15.8
      Orc:2 |    2030 |    7082 |  77.7 |      22 |      28 |  56.0
   Gauntlet |       0 |    3982 | 100.0 |       0 |       4 | 100.0
            +---------+---------+-------+---------+---------+-------
